 Dungeon Crawl Stone Soup version 0.32-a0-705-g60f233581c (webtiles) character file.

Game seed: 9162521836053131731

133 smashvw the Trooper (level 5, -2/29 HPs)
             Began as a Vine Stalker Fighter on Mar 15, 2024.
             Incinerated by a bombardier beetle (3 damage)
             ... with a burning spray
             ... on level 3 of the Dungeon.
             The game lasted 00:05:22 (2154 turns).

smashvw the Trooper (Vine Stalker Fighter)          Turns: 2154, Time: 00:05:23

Health: -2/29      AC:  9    Str: 19    XL:     5   Next: 16%
Magic:  0/6        EV:  9    Int:  8    God:
Gold:   122        SH:  5    Dex: 15    Spells: 4/4 levels left

rFire   . . .        a - +0 rapier
rCold   . . .        c - +0 buckler
rNeg    . . .        t - +2 ring mail {Will+}
rPois   +            (no helmet)
rElec   .            e - +1 cloak {rPois}
rCorr   .            (no gloves)
SInv    .            (no boots)
Will    +....        (no amulet)
Stlth   +            k - ring of poison resistance
HPRegen 1.04/turn    (no ring)
MPRegen 0.10/turn

%: guardian spirit
@: mighty, on fire, glowing
A: fangs 2, regeneration 1, magic shield, antimagic bite, no potion heal 2
a: no special abilities


You were on level 3 of the Dungeon.
You visited 1 branch of the dungeon, and saw 3 of its levels.

You collected 122 gold pieces.

Inventory:

Hand Weapons
 a - a +0 rapier (weapon)
Missiles
 l - 47 stones (quivered)
 n - 5 poisoned darts
Armour
 c - a +0 buckler (worn)
 e - a +1 cloak of poison resistance (worn)
 t - a +2 ring mail of willpower (worn)
Jewellery
 k - a ring of poison resistance (left hand)
Scrolls
 b - a scroll of vulnerability {unknown}
 f - 2 scrolls of blinking {unknown}
 g - 3 scrolls of identify {unknown}
 h - a scroll of fog {unknown}
 j - a scroll of amnesia {unknown}
 o - 2 scrolls of noise {unknown}
 p - a scroll of enchant armour {unknown}
 q - a scroll of teleportation {unknown}
 r - a scroll of silence {unknown}
 s - a scroll of enchant weapon {unknown}
 u - a scroll of poison {unknown}
Potions
 i - a potion of curing {unknown}
 m - 2 potions of heal wounds {unknown}


   Skills:
 + Level 3.7 Fighting
 + Level 3.0 Short Blades
 - Level 2.4 Armour
 * Level 0.6 Stealth
 + Level 3.6 Shields


You had 4 spell levels left.
You didn't know any spells.
Your spell library contained the following spells:

 Spells                   Type           Power      Damage    Failure   Level
 Sandblast                Erth           0%         2d4       67%         1
 Stone Arrow              Conj/Erth      0%         3d7       95%         3
 Brom's Barrelling Bould  Conj/Erth      0%         2d3       100%        4


Dungeon Overview and Level Annotations

Branches:
Dungeon (3/15)

Altars:


Innate Abilities, Weirdness & Mutations

You have extremely sharp teeth.
Your natural rate of healing is unusually fast.
When hurt, damage is shared between your health and your magic reserves.
Your bite disrupts and absorbs the magic of your enemies.
Potions cannot restore your health.


Message History

g - 3 scrolls labelled PUWAQ ZAVOS (gained 1)
You open the door.
There is an open door here.
l - 47 stones (gained 7)
A bombardier beetle comes into view.
The bombardier beetle sprays incendiary fluid at you.
The burning spray hits you.
You are covered in liquid fire!
You shake off some of the fire as you move.
The liquid fire burns you!
You hit the bombardier beetle. You bite the bombardier beetle.
You drain its power.
You feel invigorated.
The bombardier beetle is heavily wounded.
The liquid fire burns you!
You block the bombardier beetle's attack.
You hit the bombardier beetle but do no damage.
The bombardier beetle is heavily wounded.
The liquid fire burns you!
You hit the bombardier beetle.
The bombardier beetle is heavily wounded.
The liquid fire burns you!
The bombardier beetle barely misses you.
You closely miss the bombardier beetle.
You bite the bombardier beetle, but do no damage.
The bombardier beetle is heavily wounded.
The liquid fire burns you! The bombardier beetle bites you.
You closely miss the bombardier beetle.
The bombardier beetle is heavily wounded.
The liquid fire burns you!
* * * LOW HITPOINT WARNING * * *
You feel very mighty all of a sudden. The liquid fire burns you!
* * * LOW HITPOINT WARNING * * *
The bombardier beetle bites you.
* * * LOW HITPOINT WARNING * * *
You hit the bombardier beetle.
The bombardier beetle is almost dead.
The liquid fire burns you!
You die...

#.............######
#...#.#.#...........
#.............####..
#...#.#.#......# #.#
#..............# #.#
#....###.......# #.#
#....# ##......# #.#
###.## ##'##### #.#
#@# #.# #.# #B# ..#
#.# #.# .... #.# #.#
.#.#. #.# #..
....... #.#
##..#.#.#.# #..
#......... #.. #..
###


You could see a bombardier beetle.

Vanquished Creatures
  3 gnolls (D:3)
  4 adders
  2 ribbon worms (D:2)
  2 dart slugs
  4 bats
  2 endoplasms
  3 giant cockroaches
  7 goblins
  5 hobgoblins
  6 jackals (D:2)
  5 kobolds
  A quokka (D:2)
  5 ball pythons
  2 frilled lizards
  8 rats
59 creatures vanquished.

Notes
Turn   | Place    | Note
-------+----------+-------------------------------------------
     0 | D:1      | smashvw the Vine Stalker Fighter began the quest for the
                  | Orb.
     0 | D:1      | Reached XP level 1. HP: 11/11 MP: 2/2
   103 | D:1      | Reached XP level 2. HP: 16/16 MP: 3/3
   846 | D:2      | Reached XP level 3. HP: 20/20 MP: 4/4
  1229 | D:2      | Reached XP level 4. HP: 24/24 MP: 5/5
  1806 | D:3      | Reached XP level 5. HP: 28/29 MP: 6/6
  2153 | D:3      | HP: 1/29 [bombardier beetle (2)]
  2154 | D:3      | Incinerated by a bombardier beetle

Illustrated notes

Levels and vault maps discovered:
D:1:      amcnicky_arrival_wind_blow, layout_basic, serial_curves,
          eino_curves_03, eino_curves_04, grunt_decor_one_mirror
D:2:      layout_basic, minmay_increasing_density
D:3:      layout_basic, serial_glass, glass_columns_b, glass_columns_a,
          glass_columns_b, glass_columns_c

Skill      XL: |  1  2  3  4  5 |
---------------+----------------+-----
Short Blades   | 2 3 |  3.0
Fighting       | 3 |  3.7
Shields        | 3 |  3.6
Armour         | |  2.4
Stealth        | |  0.6

Action                     |  1- 3 |  4- 6 || total
---------------------------+-------+-------++-------
  Melee: Rapier            |   107 |    83 ||   190
         Bite              |    24 |    21 ||    45
  Throw: Stone             |       |     5 ||     5
    Use: Potion            |       |     1 ||     1
 Armour: Scale mail        |    87 |    35 ||   122
         Skin              |       |     4 ||     4
         Ring mail         |       |    18 ||    18
  Dodge: Dodged            |    56 |    34 ||    90
  Block: Buckler           |    23 |    17 ||    40

Table legend: (Time is in decaauts)
 A = Elapsed time spent in this place.
 B = Non-inter-level travel time spent in this place.
 C = Inter-level travel time spent in this place.
 D = Time resting spent in this place.
 E = Time spent auto-exploring this place.
 F = Levels seen in this place.
 G = Mean time per level.
                   A        B        C        D        E       F      G
               +--------+--------+--------+--------+--------+-----+--------+
         Total |   2174 |   2115 |     59 |      0 |   1687 |   3 |  724.7 |
       Dungeon |   2174 |   2115 |     59 |      0 |   1687 |   3 |  724.7 |
               +--------+--------+--------+--------+--------+-----+--------+

Top non-repeatable levels by time:
     D:2: 940 daAuts
     D:1: 772 daAuts
     D:3: 461 daAuts
